 Dungeon Crawl Stone Soup version 0.32-a0-376-g7f4458d (webtiles) character file.

Game seed: 6752497344135512589

277 Nithhogg the Trooper (level 6, -3/53 HPs)
             Began as a Mountain Dwarf Fighter on Feb 18, 2024.
             Slain by a gnoll
             ... wielding a +0 whip
              (6 damage)
             ... on level 2 of the Dungeon.
             The game lasted 00:02:59 (2079 turns).

Nithhogg the Trooper (Mountain Dwarf Fighter)       Turns: 2079, Time: 00:02:59

Health: -3/53      AC:  0    Str: 20    XL:     6   Next: 4%
Magic:  8/8        EV: 11    Int:  9    God:
Gold:   110        SH:  0    Dex:  9    Spells: 5/5 levels left

rFire   . . .        a - +0 war axe
rCold   . . .        (no shield)
rNeg    . . .        (no body armour)
rPois   .            (no helmet)
rElec   .            (no cloak)
rCorr   .            (no gloves)
SInv    .            (no boots)
Will    .....        (no amulet)
Stlth   +            (no ring)
HPRegen 0.28/turn    (no ring)
MPRegen 0.11/turn

%: no passive effects
@: hasted, very quick
A: runic magic, artefact enchanting
a: no special abilities


You were on level 2 of the Dungeon.
You visited 1 branch of the dungeon, and saw 2 of its levels.

You collected 110 gold pieces.

Inventory:

Hand Weapons
 a - a +0 war axe (weapon)
Missiles
 h - 6 silver javelins (quivered)
Armour
 b - a +1 scale mail
 c - a +0 buckler
 l - a +4 ring mail of willpower
Scrolls
 d - a scroll of amnesia
 f - a scroll of revelation
 g - a scroll of noise {unknown}
 i - 2 scrolls of identify
 k - 2 scrolls of brand weapon {unknown}


   Skills:
 + Level 4.7 Fighting
 + Level 4.3 Axes
 + Level 4.7 Armour
 - Level 3.2 Shields
 + Level 3.6 Invocations


You had 5 spell levels left.
You didn't know any spells.
Your spell library was empty.

Dungeon Overview and Level Annotations

Branches:
Dungeon (2/15)

Altars:

Annotations:
D:2 1 runed translucent door, Crazy Yiuf


Innate Abilities, Weirdness & Mutations

Your spellcasting is much less encumbered by armour.
You can use scrolls of enchantment on lesser artefacts.


Message History

The gnoll shouts!
The quokka bites you. x2
You closely miss the quokka. The quokka bites you.
The gnoll throws a stone.
The stone hits you.
The kobold shouts!
You slash the quokka!
You kill the quokka!
Found a stone staircase leading up.
You hit the gnoll.
The gnoll is moderately wounded.
The gnoll hits you with a +0 whip. x2; The kobold closely misses you.
You closely miss the gnoll.
The gnoll is moderately wounded.
You closely miss the kobold. The gnoll hits you with a +0 whip.
The kobold hits you with a +0 short sword.
You are too injured to fight recklessly!
There are monsters nearby!
You barely miss the gnoll.
The gnoll is moderately wounded.
You hit the kobold.
You kill the kobold!
The gnoll hits you with a +0 whip!
* * * LOW HITPOINT WARNING * * *
You hit the gnoll.
The gnoll is heavily wounded.
The gnoll barely misses you.
You closely miss the gnoll.
The gnoll is heavily wounded.
The gnoll hits you with a +0 whip.
* * * LOW HITPOINT WARNING * * *
The gnoll hits you with a +0 whip!
* * * LOW HITPOINT WARNING * * *
You barely miss the gnoll.
The gnoll is heavily wounded.
The gnoll barely misses you.
It was a potion of haste.
You feel yourself speed up. The gnoll misses you.
You barely miss the gnoll.
The gnoll is heavily wounded.
The gnoll hits you with a +0 whip.
You die...

###### ######......
#....)......
#############.##........
................†.......
##.#####......##........
.........######.@.......
.######.......#)g.......
.# #..#####.......<...
.# #.## ##.##.......
.#####.# #. .......
#......# #. .......
..###### #. .....<.
.##### .......
...(.#######


You could see a gnoll.

Vanquished Creatures
  Sigmund (D:2)
  Terence (D:2)
  2 gnolls (D:2)
  An adder (D:2)
  2 ribbon worms (D:2)
  3 ball pythons
  3 endoplasms
  5 goblins
  4 quokkas (D:2)
  4 bats
  2 frilled lizards (D:2)
  4 kobolds (D:2)
  6 rats
38 creatures vanquished.

Notes
Turn   | Place    | Note
-------+----------+-------------------------------------------
     0 | D:1      | Nithhogg the Mountain Dwarf Fighter began the quest for the
                  | Orb.
     0 | D:1      | Reached XP level 1. HP: 19/19 MP: 1/1
    68 | D:1      | Reached skill level 1 in Invocations
    68 | D:1      | Reached XP level 2. HP: 26/26 MP: 2/2
   918 | D:2      | Reached XP level 3. HP: 24/33 MP: 4/4
   957 | D:2      | Noticed Sigmund
  1033 | D:2      | Noticed Terence
  1043 | D:2      | Killed Terence
  1075 | D:2      | Reached XP level 4. HP: 13/40 MP: 5/5
  1235 | D:2      | Killed Sigmund
  1236 | D:2      | Reached XP level 5. HP: 17/47 MP: 5/7
  1700 | D:2      | Reached XP level 6. HP: 11/53 MP: 8/8
  1895 | D:2      | Found a runed translucent door.
  1896 | D:2      | Noticed Crazy Yiuf
  2076 | D:2      | HP: 2/53 [gnoll/+0 whip (7)]
  2079 | D:2      | Slain by a gnoll

Illustrated notes

Levels and vault maps discovered:
D:1:      dpeg_arrival_subterranean_lakeside_camping, layout_basic,
          nicolae_eternal_life
D:2:      layout_rooms, serial_glass, glass_columns_a, glass_columns_c,
          uniq_sigmund, uniq_terence, uniq_crazy_yiuf_cottage

Skill      XL: |  1  2  3  4 |
---------------+-------------+-----
Invocations    | 1 2 3 |  3.6
Axes           | 3 4 |  4.3
Fighting       | 4 |  4.7
Armour         | 4 |  4.7
Shields        | |  3.2

Action                     |  1- 3 |  4- 6 || total
---------------------------+-------+-------++-------
  Melee: War axe           |    71 |    58 ||   129
    Use: Scroll            |     4 |     2 ||     6
         Potion            |     3 |     1 ||     4
   Stab: Distracted        |       |     1 ||     1
 Armour: Scale mail        |    57 |       ||    57
         Skin              |    14 |    51 ||    65
  Dodge: Dodged            |    43 |    41 ||    84

Table legend: (Time is in decaauts)
 A = Elapsed time spent in this place.
 B = Non-inter-level travel time spent in this place.
 C = Inter-level travel time spent in this place.
 D = Time resting spent in this place.
 E = Time spent auto-exploring this place.
 F = Levels seen in this place.
 G = Mean time per level.
                   A        B        C        D        E       F      G
               +--------+--------+--------+--------+--------+-----+--------+
         Total |   2122 |   2047 |     75 |    107 |   1525 |   2 | 1061.0 |
       Dungeon |   2122 |   2047 |     75 |    107 |   1525 |   2 | 1061.0 |
               +--------+--------+--------+--------+--------+-----+--------+

Top non-repeatable levels by time:
     D:2: 1111 daAuts
     D:1: 1011 daAuts
